TOP OF THE 1ST |
Stockton Mariners batting - Pitching for Stockton Ports : LHP Juan Corrales
|
Pitching: LHP Juan Corrales
|
|
Batting: LHB Ricky Nelson
|
0-0: Ball 1-0: SINGLE (Line Drive, 78M, EV 96.9 MPH)
|
Batting: RHB Paul Plinski
|
0-0: Ball 1-0: Fly out, F6 (Popup, 6S, EV 81.3 MPH)
|
Batting: LHB Marvin Ward
|
0-0: Ball Pickoff Throw to First - Error! E1 Ricky Nelson to second 1-0: Called Strike 1-1: Ball 2-1: Ball 3-1: Foul Ball, location: 2F 3-2: Ground out 3-1 (Groundball, 34, EV 86.3 MPH) Ricky Nelson to third
|
Batting: LHB David Cawthon
|
0-0: Called Strike 0-1: Called Strike 0-2: Ball 1-2: Ball Wild Pitch! Ricky Nelson scores 2-2: Fly out, F9 (Line Drive, 9, EV 97.5 MPH)
|
Top of the 1st over - 1 run, 1 hit, 1 error, 0 left on base; Stockton 1 - Stockton 0 |
BOTTOM OF THE 1ST |
Stockton Ports batting - Pitching for Stockton Mariners : RHP Gregorio Soto
|
Pitching: RHP Gregorio Soto
|
|
Batting: RHB Ramon Valdez
|
0-0: Swinging Strike 0-1: Foul Ball, location: 2F 0-2: Foul Ball, location: 2F 0-2: Foul Ball, location: 2F 0-2: Foul Ball, location: 2F 0-2: Ball 1-2: Fly out, F8 (Flyball, 8LM, EV 89.4 MPH)
|
Batting: LHB Daniel Hoskins
|
0-0: Foul Ball, location: 2F 0-1: SINGLE (Line Drive, 9S, EV 91.3 MPH)
|
Batting: RHB Pasquale Raimondo
|
0-0: Ball 1-0: Called Strike 1-1: Fly out, F7 (Flyball, 7, EV 85.0 MPH)
|
Batting: SHB Tracy Edwards
|
0-0: Ball 1-0: Swinging Strike 1-1: Foul Ball, location: 2F 1-2: Ball 2-2: Fielders Choice at 2nd, 6-4 (Groundball, 6, EV 88.8 MPH)
|
Bottom of the 1st over - 0 runs, 1 hit, 0 errors, 1 left on base; Stockton 1 - Stockton 0 |
TOP OF THE 2ND |
Stockton Mariners batting - Pitching for Stockton Ports : LHP Juan Corrales
|
Batting: SHB Eddie Tanner
|
0-0: Ball 1-0: Ball 2-0: Ball 3-0: Called Strike 3-1: SINGLE (Line Drive, 8LS, EV 106.9 MPH)
|
Batting: LHB Marty Pevey
|
0-0: Ground out 4-3 (Groundball, 34, EV 102.5 MPH) Eddie Tanner to second
|
Batting: LHB Joe Perna
|
0-0: Ball 1-0: Called Strike 1-1: Ball 2-1: Ball 3-1: Foul Ball, location: 2F 3-2: Base on Balls
|
Batting: RHB Brian Greer
|
0-0: Ball 1-0: Ball 2-0: Ball 3-0: SINGLE (Groundball, 6MD, EV 94.4 MPH) Eddie Tanner to third Joe Perna to second Runner from 3rd tries for Home, SAFE, throw by CF to home Joe Perna to third Brian Greer to second
|
Batting: LHB Victor Gavidia
|
0-0: Ball 1-0: Foul Ball, location: 2F 1-1: SINGLE (Line Drive, 89M, EV 93.8 MPH) Joe Perna scores Brian Greer to third Runner from 3rd tries for Home, SAFE, throw by RF to home
|
Batting: LHB Ricky Nelson
|
0-0: Fielders Choice at 2nd, 3-6 (Groundball, 3S, EV 82.5 MPH)
|
Batting: RHB Paul Plinski
|
0-0: Foul Ball, location: 2F 0-1: Called Strike 0-2: Strikes out swinging
|
Top of the 2nd over - 3 runs, 3 hits, 0 errors, 1 left on base; Stockton 4 - Stockton 0 |
BOTTOM OF THE 2ND |
Stockton Ports batting - Pitching for Stockton Mariners : RHP Gregorio Soto
|
Batting: RHB Johnny Salery
|
0-0: Called Strike 0-1: Swinging Strike 0-2: Ball 1-2: Ball 2-2: Ground out 6-3 (Groundball, 6MD, EV 105.6 MPH)
|
Batting: SHB Jose Mercado
|
0-0: Called Strike 0-1: Ball 1-1: Ball 2-1: Called Strike 2-2: Fly out, F8 (Flyball, 8LXD, EV 77.5 MPH)
|
Batting: RHB Steven Roeder
|
0-0: Ball 1-0: Ball 2-0: Called Strike 2-1: SOLO HOME RUN (Flyball, 9D, EV 90.0 MPH), Distance : 371 ft
|
Batting: RHB Timothy Presko
|
0-0: Ball 1-0: Called Strike 1-1: SINGLE (Line Drive, 3D, EV 97.5 MPH)
|
Batting: SHB Mike Hennessy
|
0-0: Ball 1-0: Called Strike 1-1: SINGLE (Groundball, 6MD, EV 101.3 MPH) (infield hit) Timothy Presko to second
|
Batting: RHB Ramon Valdez
|
0-0: Foul Ball, location: 2F 0-1: Called Strike 0-2: Ball 1-2: Foul Ball, location: 2F 1-2: Foul Ball, location: 2F 1-2: Ball 2-2: Ball 3-2: Fly out, F8 (Flyball, 8RD, EV 92.5 MPH)
|
Bottom of the 2nd over - 1 run, 3 hits, 0 errors, 2 left on base; Stockton 4 - Stockton 1 |
TOP OF THE 3RD |
Stockton Mariners batting - Pitching for Stockton Ports : LHP Juan Corrales
|
Batting: LHB Marvin Ward
|
0-0: Ball 1-0: Called Strike 1-1: Ball 2-1: Ball 3-1: Foul Ball, location: 2F 3-2: Foul Ball, location: 2F 3-2: Foul Ball, location: 2F 3-2: SINGLE (Line Drive, 8RS, EV 105.0 MPH)
|
Batting: LHB David Cawthon
|
0-0: Fly out, F8 (Flyball, 78XD, EV 100.6 MPH)
|
Batting: SHB Eddie Tanner
|
0-0: Fly out, F7 (Flyball, 8LS, EV 78.8 MPH)
|
Batting: LHB Marty Pevey
|
0-0: Ball 1-0: Called Strike 1-1: Fly out, F9 (Flyball, 9LM, EV 78.1 MPH)
|
Top of the 3rd over - 0 runs, 1 hit, 0 errors, 1 left on base; Stockton 4 - Stockton 1 |
BOTTOM OF THE 3RD |
Stockton Ports batting - Pitching for Stockton Mariners : RHP Gregorio Soto
|
Batting: LHB Daniel Hoskins
|
0-0: Ball 1-0: Ball 2-0: Swinging Strike 2-1: Foul Ball, location: 2F 2-2: Ball 3-2: Foul Ball, location: 2F 3-2: SINGLE (Groundball, 3D, EV 95.0 MPH)
|
Batting: RHB Pasquale Raimondo
|
0-0: Ball 1-0: Foul Ball, location: 2F 1-1: Foul Ball, location: 2F 1-2: Foul Ball, location: 2F 1-2: Foul Ball, location: 2F 1-2: Foul Ball, location: 2F 1-2: Ball 2-2: Ball 3-2: SINGLE (Groundball, 56S, EV 64.4 MPH) (infield hit) Daniel Hoskins to second
|
Batting: SHB Tracy Edwards
|
0-0: Ball 1-0: Ball 2-0: Called Strike 2-1: SINGLE (Groundball, 5S, EV 69.4 MPH) (infield hit) Daniel Hoskins to third Pasquale Raimondo to second
|
Batting: RHB Johnny Salery
|
0-0: Ball 1-0: Ball 2-0: Called Strike 2-1: Ball 3-1: Base on Balls Daniel Hoskins scores Pasquale Raimondo to third Tracy Edwards to second
|
Batting: SHB Jose Mercado
|
0-0: Ball 1-0: Called Strike 1-1: Swinging Strike 1-2: Ball 2-2: Ball 3-2: Strikes out swinging
|
Batting: RHB Steven Roeder
|
0-0: Ball 1-0: Foul Ball, location: 2F 1-1: Called Strike 1-2: Grounds into double play, 3-6-3 (Groundball, 34, EV 103.1 MPH)
|
Bottom of the 3rd over - 1 run, 3 hits, 0 errors, 2 left on base; Stockton 4 - Stockton 2 |
TOP OF THE 4TH |
Stockton Mariners batting - Pitching for Stockton Ports : LHP Juan Corrales
|
Batting: LHB Joe Perna
|
0-0: Ground out U3 (Groundball, 3, EV 82.5 MPH)
|
Batting: RHB Brian Greer
|
0-0: Called Strike 0-1: SOLO HOME RUN (Flyball, 7D, EV 111.3 MPH), Distance : 375 ft
|
Batting: LHB Victor Gavidia
|
0-0: Called Strike 0-1: Ground out 6-3 (Groundball, 6, EV 83.1 MPH)
|
Batting: LHB Ricky Nelson
|
0-0: Called Strike 0-1: Foul Ball, location: 2F 0-2: Fly out, F9 (Flyball, 9LD, EV 90.6 MPH)
|
Top of the 4th over - 1 run, 1 hit, 0 errors, 0 left on base; Stockton 5 - Stockton 2 |
BOTTOM OF THE 4TH |
Stockton Ports batting - Pitching for Stockton Mariners : RHP Gregorio Soto
|
Batting: RHB Timothy Presko
|
0-0: Ball 1-0: Fly out, F3 (Popup, 3SF, EV 83.1 MPH)
|
Batting: SHB Mike Hennessy
|
0-0: Foul Ball, location: 2F 0-1: Foul Ball, location: 2F 0-2: Ground out U3 (Groundball, 3, EV 104.4 MPH)
|
Batting: RHB Ramon Valdez
|
0-0: Called Strike 0-1: Called Strike 0-2: Strikes out looking
|
Bottom of the 4th over - 0 runs, 0 hits, 0 errors, 0 left on base; Stockton 5 - Stockton 2 |
TOP OF THE 5TH |
Stockton Mariners batting - Pitching for Stockton Ports : LHP Juan Corrales
|
Batting: RHB Paul Plinski
|
0-0: Swinging Strike 0-1: Ball 1-1: Bunted foul 1-2: SINGLE (Line Drive, 6D, EV 96.3 MPH)
|
Batting: LHB Marvin Ward
|
0-0: Ball 1-0: Ball 2-0: Called Strike 2-1: Grounds into double play, 4-6-3 (Groundball, 4, EV 102.5 MPH)
|
Batting: LHB David Cawthon
|
0-0: Called Strike 0-1: Ground out 6-3 (Groundball, 6, EV 83.1 MPH)
|
Top of the 5th over - 0 runs, 1 hit, 0 errors, 0 left on base; Stockton 5 - Stockton 2 |
BOTTOM OF THE 5TH |
Stockton Ports batting - Pitching for Stockton Mariners : RHP Gregorio Soto
|
Batting: LHB Daniel Hoskins
|
0-0: Ball 1-0: Ball 2-0: Ball 3-0: Called Strike 3-1: Ground out 5-3 (Groundball, 56, EV 84.4 MPH)
|
Batting: RHB Pasquale Raimondo
|
0-0: Ball 1-0: Swinging Strike 1-1: Foul Ball, location: 2F 1-2: Ball 2-2: Foul Ball, location: 2F 2-2: Fly out, F9 (Line Drive, 9, EV 95.0 MPH)
|
Batting: SHB Tracy Edwards
|
0-0: Ball 1-0: Foul Ball, location: 2F 1-1: Ball 2-1: Ground out U3 (Groundball, 3, EV 102.5 MPH)
|
Bottom of the 5th over - 0 runs, 0 hits, 0 errors, 0 left on base; Stockton 5 - Stockton 2 |
TOP OF THE 6TH |
Stockton Mariners batting - Pitching for Stockton Ports : LHP Juan Corrales
|
Batting: SHB Eddie Tanner
|
0-0: Ball 1-0: Foul Ball, location: 2F 1-1: Foul Ball, location: 2F 1-2: Ball 2-2: Ball 3-2: Base on Balls
|
Batting: LHB Marty Pevey
|
0-0: Called Strike 0-1: Swinging Strike 0-2: Strikes out swinging
|
Batting: LHB Joe Perna
|
0-0: Ball 1-0: Ball 2-0: Fly out, F8 (Flyball, 8LS, EV 87.5 MPH)
|
Batting: RHB Brian Greer
|
0-0: Ball 1-0: Foul Ball, location: 2F 1-1: Foul Ball, location: 2F 1-2: Strikes out looking
|
Top of the 6th over - 0 runs, 0 hits, 0 errors, 1 left on base; Stockton 5 - Stockton 2 |
BOTTOM OF THE 6TH |
Stockton Ports batting - Pitching for Stockton Mariners : RHP Gregorio Soto
|
Batting: RHB Johnny Salery
|
0-0: Called Strike 0-1: Fly out, F9 (Flyball, 9S, EV 91.9 MPH)
|
Batting: SHB Jose Mercado
|
0-0: Foul Ball, location: 2F 0-1: Called Strike 0-2: Strikes out swinging
|
Batting: RHB Steven Roeder
|
0-0: Swinging Strike 0-1: Called Strike 0-2: Strikes out swinging
|
Bottom of the 6th over - 0 runs, 0 hits, 0 errors, 0 left on base; Stockton 5 - Stockton 2 |
TOP OF THE 7TH |
Stockton Mariners batting - Pitching for Stockton Ports : LHP Juan Corrales
|
Pitching: RHP Harry Wise
|
|
Batting: LHB Victor Gavidia
|
0-0: Called Strike 0-1: Fly out, F7 (Flyball, 7D, EV 90.6 MPH)
|
Batting: LHB Ricky Nelson
|
0-0: Called Strike 0-1: Foul Ball, location: 2F 0-2: Hit by Pitch
|
Batting: RHB Paul Plinski
|
0-0: Ball 1-0: Ball 2-0: Called Strike 2-1: Foul Ball, location: 2F 2-2: Ball 3-2: Fly out, F5 (Popup, 5SF, EV 73.8 MPH)
|
Pitching: RHP Joseph Emery
|
|
Batting: LHB Marvin Ward
|
0-0: Ball 1-0: Called Strike Ricky Nelson steals 2nd base 1-1: Ground out U3 (Groundball, 3S, EV 77.5 MPH)
|
Top of the 7th over - 0 runs, 0 hits, 0 errors, 1 left on base; Stockton 5 - Stockton 2 |
BOTTOM OF THE 7TH |
Stockton Ports batting - Pitching for Stockton Mariners : RHP Gregorio Soto
|
Batting: RHB Timothy Presko
|
0-0: Ball 1-0: Foul Ball, location: 2F 1-1: Ground out 6-3 (Groundball, 6, EV 105.6 MPH)
|
Batting: SHB Mike Hennessy
|
0-0: Foul Ball, location: 2F 0-1: Foul Ball, location: 2F 0-2: Foul Ball, location: 2F 0-2: Ball 1-2: Ball 2-2: Ball 3-2: Fly out, F4 (Line Drive, 4, EV 69.4 MPH)
|
Batting: RHB Ramon Valdez
|
0-0: SINGLE (Groundball, P, EV 94.4 MPH) (infield hit)
|
Batting: LHB Daniel Hoskins
|
0-0: Ball Ramon Valdez is caught stealing 2nd base 2-6
|
Bottom of the 7th over - 0 runs, 1 hit, 0 errors, 0 left on base; Stockton 5 - Stockton 2 |
TOP OF THE 8TH |
Stockton Mariners batting - Pitching for Stockton Ports : RHP Joseph Emery
|
Batting: LHB David Cawthon
|
0-0: Called Strike 0-1: Ball 1-1: Swinging Strike 1-2: Strikes out swinging
|
Batting: SHB Eddie Tanner
|
0-0: Ball 1-0: Foul Ball, location: 2F 1-1: Fly out, F9 (Flyball, 89M, EV 92.5 MPH)
|
Batting: LHB Marty Pevey
|
0-0: Foul Ball, location: 2F 0-1: Ball 1-1: Ball 2-1: Swinging Strike 2-2: Ball 3-2: Foul Ball, location: 2F 3-2: Base on Balls
|
Batting: LHB Joe Perna
|
0-0: Ball 1-0: Ball 2-0: Fly out, F4 (Popup, 4MD, EV 68.8 MPH)
|
Top of the 8th over - 0 runs, 0 hits, 0 errors, 1 left on base; Stockton 5 - Stockton 2 |
BOTTOM OF THE 8TH |
Stockton Ports batting - Pitching for Stockton Mariners : RHP Gregorio Soto
|
Batting: LHB Daniel Hoskins
|
0-0: Ball 1-0: Ball 2-0: Ball 3-0: Base on Balls
|
Batting: RHB Pasquale Raimondo
|
0-0: Called Strike 0-1: Ball 1-1: Fielders Choice at 2nd, 6-4 (Groundball, 6, EV 86.9 MPH)
|
Pitching: LHP Robert Alsup
|
|
Batting: SHB Tracy Edwards
|
0-0: Ball 1-0: Grounds into double play, 6-4-3 (Groundball, 6MD, EV 110.0 MPH)
|
Bottom of the 8th over - 0 runs, 0 hits, 0 errors, 0 left on base; Stockton 5 - Stockton 2 |
TOP OF THE 9TH |
Stockton Mariners batting - Pitching for Stockton Ports : RHP Joseph Emery
|
Batting: RHB Brian Greer
|
0-0: Ball 1-0: Ball 2-0: Called Strike 2-1: Foul Ball, location: 2F 2-2: Ground out 4-3 (Groundball, 4, EV 104.4 MPH)
|
Batting: LHB Victor Gavidia
|
0-0: Ball 1-0: Swinging Strike 1-1: Foul Ball, location: 2F 1-2: Strikes out looking
|
Batting: LHB Ricky Nelson
|
0-0: Called Strike 0-1: Ball 1-1: Ground out 2-3 (Groundball, 13S, EV 65.6 MPH)
|
Top of the 9th over - 0 runs, 0 hits, 0 errors, 0 left on base; Stockton 5 - Stockton 2 |
BOTTOM OF THE 9TH |
Stockton Ports batting - Pitching for Stockton Mariners : LHP Robert Alsup
|
Now at 1B: Duane Evans
|
|
Batting: RHB Johnny Salery
|
0-0: Ball 1-0: Foul Ball, location: 2F 1-1: SOLO HOME RUN (Flyball, 9LD, EV 101.9 MPH), Distance : 358 ft
|
Batting: SHB Jose Mercado
|
0-0: Fly out, F8 (Flyball, 8RS, EV 91.3 MPH)
|
Batting: RHB Steven Roeder
|
0-0: Swinging Strike 0-1: Called Strike 0-2: Ball 1-2: Ball 2-2: Ball 3-2: Fly out, F7 (Flyball, 7D, EV 95.6 MPH)
|
Batting: RHB Timothy Presko
|
0-0: Called Strike 0-1: Swinging Strike 0-2: Ball 1-2: Fly out, F9 (Flyball, 9S, EV 86.3 MPH)
|
Bottom of the 9th over - 1 run, 1 hit, 0 errors, 0 left on base; Stockton 5 - Stockton 3 |
|